Workbook

Sheet General Summary
A1: GENERAL SUMMARY
A2: ='Takeoff Breakdown'!A3 -> Prepared for: | B2: ='Takeoff Breakdown'!B3 -> CAS Rockville Welcome Center, 14645 Rothgeb Drive Rockville, MD 20850
A3: ='Takeoff Breakdown'!A4 -> Project ID: | B3: ='Takeoff Breakdown'!B4 -> 3112023
A4: ='Takeoff Breakdown'!A5 -> Scope: | B4: ='Takeoff Breakdown'!B5 -> G.C
A5: No. Of Floors: | B5: 1
A6: Date: | B6: ='Takeoff Breakdown'!N9 -> 45233
A8: BUILDING GSF | B8: 13993
A9: DIVISION NO | B9: DESCRIPTION | C9: TOTAL DIV. COST | D9: TOTAL DIV. COST (PER SF)
A10: 1000 | B10: General Requirements | C10: ='Takeoff Breakdown'!N19 -> 85500 | D10: =C10/$B$8 -> 6.110198
A11: 2000 | B11: Existing Condition | C11: ='Takeoff Breakdown'!N59 -> 13824.627 | D11: =C11/$B$8 -> 0.98796737
A12: 3000 | B12: Concrete | C12: ='Takeoff Breakdown'!N74 -> 20502.554 | D12: =C12/$B$8 -> 1.4652007
A13: 4000 | B13: Masonry | C13: ='Takeoff Breakdown'!N81 -> 1468.1672 | D13: =C13/$B$8 -> 0.10492155
A14: 5000 | B14: Metals | C14: ='Takeoff Breakdown'!N90 -> 6390.459 | D14: =C14/$B$8 -> 0.4566897
A15: 6000 | B15: Wood, Plastics & Composites | C15: ='Takeoff Breakdown'!N111 -> 10548.473 | D15: =C15/$B$8 -> 0.75383928
A16: 7000 | B16: Thermal & Moisture Protection | C16: ='Takeoff Breakdown'!N138 -> 153973.82 | D16: =C16/$B$8 -> 11.003632
A17: 8000 | B17: Opening | C17: ='Takeoff Breakdown'!N185 -> 97992.219 | D17: =C17/$B$8 -> 7.0029457
A18: 9000 | B18: Finishes | C18: ='Takeoff Breakdown'!N264 -> 116605.87 | D18: =C18/$B$8 -> 8.3331574
A19: 10000 | B19: Specialties | C19: ='Takeoff Breakdown'!N271 -> 1220.35 | D19: =C19/$B$8 -> 0.087211463
A20: 12000 | B20: Furnishing | C20: ='Takeoff Breakdown'!N281 -> 6752.0829 | D20: =C20/$B$8 -> 0.4825329
A21: 22000 | B21: Plumbing | C21: ='Takeoff Breakdown'!N330 -> 24864.078 | D21: =C21/$B$8 -> 1.776894
A22: 23000 | B22: Hvac | C22: ='Takeoff Breakdown'!N404 -> 217957.63 | D22: =C22/$B$8 -> 15.57619
A23: 26000 | B23: Electrical | C23: ='Takeoff Breakdown'!N456 -> 111720.8 | D23: =C23/$B$8 -> 7.9840495
A24: 28000 | B24: Electronic Safety And Security Manufacturer | C24: ='Takeoff Breakdown'!N465 -> 5403.63 | D24: =C24/$B$8 -> 0.38616665
A25: 31000 | B25: Earthwork | C25: ='Takeoff Breakdown'!N485 -> 8116.8465 | D25: =C25/$B$8 -> 0.58006479
A26: 32000 | B26: Site Improvements | C26: ='Takeoff Breakdown'!N536 -> 39204.901 | D26: =C26/$B$8 -> 2.801751
A27: TOTAL TRADE COST | C27: =SUM(C10:C26) -> 922046.51 | D27: =SUM(D10:D26) -> 65.893412
A29: OVERHEAD AND PROFIT | B29: =+'Takeoff Breakdown'!M539 -> 0.1 | C29: =C27*B29 -> 92204.651 | D29: =D27*B29 -> 6.5893412
A30: INSURANCE | B30: =+'Takeoff Breakdown'!M540 -> 0.03 | C30: =C27*B30 -> 27661.395 | D30: =D27*B30 -> 1.9768023
A31: CONTINGENCY | B31: =+'Takeoff Breakdown'!M541 -> 0.05 | C31: =C27*B31 -> 46102.325 | D31: =D27*B31 -> 3.2946706
A32: TAX | B32: ='Takeoff Breakdown'!M542 -> 0.06 | C32: ='Takeoff Breakdown'!Q536*B32 -> 35604.8 | D32: =D27*B32 -> 3.9536047
A33: SUGGESTED BID | C33: =SUM(C27,C29:C32) -> 1123619.7 | D33: =SUM(D27,D29:D32) -> 81.70783

Sheet Takeoff Breakdown
A2: DETAILED BREAKDOWN OF ITEMS
A3: Prepared for: | B3: CAS Rockville Welcome Center, 14645 Rothgeb Drive Rockville, MD 20850
A4: Project ID: | B4: 3112023
A5: Scope: | B5: G.C
M9: Date: | N9: =TODAY() -> 45233
A10: SR # | B10: Drawing # | C10: Detail # | D10: DESCRIPTION | E10: UNIT | F10: QUANTITY | G10: WASTAGE | H10: QUANTITY W/ WASTAGE | I10: UNIT MANHOUR | J10: HOURLY WAGE | K10: LABOR COST | L10: MAT. COST | M10: UNIT COST | N10: SUB COST
E11: GENERAL REQUIREMENTS
A12: =IF(G12<>"",1+MAX($A$2:A11),"") -> 1 | D12: Permits | E12: LS | F12: 1 | G12: 0 | H12: =(G12*F12)+F12 -> 1 | I12: 0 | J12: 0 | K12: 0 | L12: 0 | N12: =H12*M12 -> 0
A13: =IF(G13<>"",1+MAX($A$2:A12),"") -> 2 | D13: Supervision and Coordination | E13: LS | F13: 1 | G13: 0 | H13: =(G13*F13)+F13 -> 1 | I13: 0 | J13: 0 | K13: 0 | L13: 0 | M13: 45000 | N13: =H13*M13 -> 45000
A14: =IF(G14<>"",1+MAX($A$2:A13),"") -> 3 | D14: Submittals and Shop drawings | E14: LS | F14: 1 | G14: 0 | H14: =(G14*F14)+F14 -> 1 | I14: 0 | J14: 0 | K14: 0 | L14: 0 | M14: 2500 | N14: =H14*M14 -> 2500
A15: =IF(G15<>"",1+MAX($A$2:A14),"") -> 4 | D15: Final Cleaning | E15: LS | F15: 1 | G15: 0 | H15: =(G15*F15)+F15 -> 1 | I15: 0 | J15: 0 | K15: 0 | L15: 0 | M15: 2000 | N15: =H15*M15 -> 2000
A16: =IF(G16<>"",1+MAX($A$2:A15),"") -> 5 | D16: Mobilization Costs | E16: LS | F16: 1 | G16: 0 | H16: =(G16*F16)+F16 -> 1 | I16: 0 | J16: 0 | K16: 0 | L16: 0 | M16: 28500 | N16: =H16*M16 -> 28500
A17: =IF(G17<>"",1+MAX($A$2:A16),"") -> 6 | D17: Temporary Control & Facilities | E17: LS | F17: 1 | G17: 0 | H17: =(G17*F17)+F17 -> 1 | I17: 0 | J17: 0 | K17: 0 | L17: 0 | M17: 5500 | N17: =H17*M17 -> 5500
A18: =IF(G18<>"",1+MAX($A$2:A17),"") -> 7 | D18: Scaffolding | E18: LS | F18: 1 | G18: 0 | H18: =(G18*F18)+F18 -> 1 | I18: 0 | J18: 0 | K18: 0 | L18: 0 | M18: 2000 | N18: =H18*M18 -> 2000
A19: =IF(G19<>"",1+MAX($A$2:A18),"") | M19: SUBTOTAL | N19: =SUM(N12:N18) -> 85500
A20: =IF(G20<>"",1+MAX($A$2:A19),"")
A21: =IF(G21<>"",1+MAX($A$2:A20),"") | E21: EXISTING CONDITIONS | P21: LABOR COST | Q21: MAT. COST
A22: =IF(G22<>"",1+MAX($A$2:A21),"") | D22: DEMOLITION
A23: =IF(G23<>"",1+MAX($A$2:A22),"") -> 8 | B23: D101 | C23: Demo Plan | D23: Tag 1: Remove Existing Door in its entirety Door Size: (3'-0" W x 7'-0" H) | E23: EA | F23: 9 | G23: 0 | H23: =(G23*F23)+F23 -> 9 | I23: 1.32 | J23: 32 | K23: =I23*J23 -> 42.24 | L23: 0 | M23: =K23+L23 -> 42.24 | N23: =H23*M23 -> 380.16 | P23: =K23*H23 -> 380.16 | Q23: =L23*H23 -> 0
A24: =IF(G24<>"",1+MAX($A$2:A23),"") -> 9 | D24: Remove Existing Door in its entirety Door Size: (3'-0" W x 7'-0" H) Note: At These Location There are New Doors In Door Schedule, But No Demolition is Given In Demo Plan D101 , So We Have Assumed Demo For These Four Doors. | E24: EA | F24: 4 | G24: 0 | H24: =(G24*F24)+F24 -> 4 | I24: 1.32 | J24: =J$23 -> 32 | K24: =I24*J24 -> 42.24 | L24: 0 | M24: =K24+L24 -> 42.24 | N24: =H24*M24 -> 168.96 | P24: =K24*H24 -> 168.96 | Q24: =L24*H24 -> 0
A25: =IF(G25<>"",1+MAX($A$2:A24),"") -> 10 | D25: Tag 2: Remove Existing Stud Wall (11' H Assumed) | E25: SF | F25: =140.67*11 -> 1547.37 | G25: 0 | H25: =(G25*F25)+F25 -> 1547.37 | I25: 0.01 | J25: =J$23 -> 32 | K25: =I25*J25 -> 0.32 | L25: 0 | M25: =K25+L25 -> 0.32 | N25: =H25*M25 -> 495.1584 | P25: =K25*H25 -> 495.1584 | Q25: =L25*H25 -> 0
A26: =IF(G26<>"",1+MAX($A$2:A25),"") -> 11 | D26: Tag 3: Remove Existing 96"W x 42"H Window (1 EA) | E26: SF | F26: 28 | G26: 0 | H26: =(G26*F26)+F26 -> 28 | I26: 1.2 | J26: =J$23 -> 32 | K26: =I26*J26 -> 38.4 | L26: 0 | M26: =K26+L26 -> 38.4 | N26: =H26*M26 -> 1075.2 | P26: =K26*H26 -> 1075.2 | Q26: =L26*H26 -> 0
A27: =IF(G27<>"",1+MAX($A$2:A26),"") -> 12 | D27: Tag 8: Remove Interior Masonry Wall (9'-6" H Assumed) | E27: SF | F27: =9.5*6.36 -> 60.42 | G27: 0 | H27: =(G27*F27)+F27 -> 60.42 | I27: 0.028 | J27: =J$23 -> 32 | K27: =I27*J27 -> 0.896 | L27: 0 | M27: =K27+L27 -> 0.896 | N27: =H27*M27 -> 54.13632 | P27: =K27*H27 -> 54.13632 | Q27: =L27*H27 -> 0
A28: =IF(G28<>"",1+MAX($A$2:A27),"") -> 13 | D28: Tag 3: Remove Existing 24"W x 42"H Window (3 EA) | E28: SF | F28: 31 | G28: 0 | H28: =(G28*F28)+F28 -> 31 | I28: 0.5 | J28: =J$23 -> 32 | K28: =I28*J28 -> 16 | L28: 0 | M28: =K28+L28 -> 16 | N28: =H28*M28 -> 496 | P28: =K28*H28 -> 496 | Q28: =L28*H28 -> 0
A29: =IF(G29<>"",1+MAX($A$2:A28),"") -> 14 | D29: Tag 18: Demolish Existing Masonry Wall ( 9'-3" H) | E29: SF | F29: =9.25*30.32 -> 280.46 | G29: 0 | H29: =(G29*F29)+F29 -> 280.46 | I29: 0.028 | J29: =J$23 -> 32 | K29: =I29*J29 -> 0.896 | L29: 0 | M29: =K29+L29 -> 0.896 | N29: =H29*M29 -> 251.29216 | P29: =K29*H29 -> 251.29216 | Q29: =L29*H29 -> 0
A30: =IF(G30<>"",1+MAX($A$2:A29),"") -> 15 | D30: Tag 19: Saw Cut Window Opening In Masonry Wall( 56" W x 48" H, 11 EA) | E30: SF | F30: 462 | G30: 0 | H30: =(G30*F30)+F30 -> 462 | I30: 0.032 | J30: =J$23 -> 32 | K30: =I30*J30 -> 1.024 | L30: 0 | M30: =K30+L30 -> 1.024 | N30: =H30*M30 -> 473.088 | P30: =K30*H30 -> 473.088 | Q30: =L30*H30 -> 0
A31: =IF(G31<>"",1+MAX($A$2:A30),"") -> 16 | D31: Tag 17: Remove Dog Hatch (3' H x16" Assumed) | E31: EA | F31: 12 | G31: 0 | H31: =(G31*F31)+F31 -> 12 | I31: 0.5 | J31: =J$23 -> 32 | K31: =I31*J31 -> 16 | L31: 0 | M31: =K31+L31 -> 16 | N31: =H31*M31 -> 192 | P31: =K31*H31 -> 192 | Q31: =L31*H31 -> 0
A32: =IF(G32<>"",1+MAX($A$2:A31),"") -> 17 | D32: Tag 22: Remove Chain Link & Pipe Kennels | E32: SF | F32: 4396.01 | G32: 0 | H32: =(G32*F32)+F32 -> 4396.01 | I32: 0.005 | J32: =J$23 -> 32 | K32: =I32*J32 -> 0.16 | L32: 0 | M32: =K32+L32 -> 0.16 | N32: =H32*M32 -> 703.3616 | P32: =K32*H32 -> 703.3616 | Q32: =L32*H32 -> 0
A33: =IF(G33<>"",1+MAX($A$2:A32),"") -> 18 | D33: Tag 19: Saw Cut Door Opening In Masonry Wall( 6'3" W x 7' H) | E33: SF | F33: 44 | G33: 0 | H33: =(G33*F33)+F33 -> 44 | I33: 0.032 | J33: =J$23 -> 32 | K33: =I33*J33 -> 1.024 | L33: 0 | M33: =K33+L33 -> 1.024 | N33: =H33*M33 -> 45.056 | P33: =K33*H33 -> 45.056 | Q33: =L33*H33 -> 0
A34: =IF(G34<>"",1+MAX($A$2:A33),"") -> 19 | D34: Tag 12: Remove Wood Shed incl. Concrete Pad | E34: SF | F34: 139.74 | G34: 0 | H34: =(G34*F34)+F34 -> 139.74 | I34: 0.056 | J34: =J$23 -> 32 | K34: =I34*J34 -> 1.792 | L34: 0 | M34: =K34+L34 -> 1.792 | N34: =H34*M34 -> 250.41408 | P34: =K34*H34 -> 250.41408 | Q34: =L34*H34 -> 0
A35: =IF(G35<>"",1+MAX($A$2:A34),"") -> 20 | D35: Tag 16: Remove Existing Pipe Bollard (5' H Assumed) | E35: EA | F35: 4 | G35: 0 | H35: =(G35*F35)+F35 -> 4 | I35: 0.425 | J35: =J$23 -> 32 | K35: =I35*J35 -> 13.6 | L35: 0 | M35: =K35+L35 -> 13.6 | N35: =H35*M35 -> 54.4 | P35: =K35*H35 -> 54.4 | Q35: =L35*H35 -> 0
A36: =IF(G36<>"",1+MAX($A$2:A35),"") -> 21 | D36: Tag 15: Remove Existing Transformer (2'-8" W x 4' L) | E36: EA | F36: 2 | G36: 0 | H36: =(G36*F36)+F36 -> 2 | I36: 1.5 | J36: =J$23 -> 32 | K36: =I36*J36 -> 48 | L36: 0 | M36: =K36+L36 -> 48 | N36: =H36*M36 -> 96 | P36: =K36*H36 -> 96 | Q36: =L36*H36 -> 0
A37: =IF(G37<>"",1+MAX($A$2:A36),"") -> 22 | D37: Tag 11: Remove Compressor , Ducts incl. Concrete Pad | E37: SF | F37: 140.31 | G37: 0 | H37: =(G37*F37)+F37 -> 140.31 | I37: 0.056 | J37: =J$23 -> 32 | K37: =I37*J37 -> 1.792 | L37: 0 | M37: =K37+L37 -> 1.792 | N37: =H37*M37 -> 251.43552 | P37: =K37*H37 -> 251.43552 | Q37: =L37*H37 -> 0
A38: =IF(G38<>"",1+MAX($A$2:A37),"") -> 23 | D38: Tag 14: Remove Existing Chain Link Fence (7' H Assumed) | E38: SF | F38: =102.2*7 -> 715.4 | G38: 0 | H38: =(G38*F38)+F38 -> 715.4 | I38: 0.01 | J38: =J$23 -> 32 | K38: =I38*J38 -> 0.32 | L38: 0 | M38: =K38+L38 -> 0.32 | N38: =H38*M38 -> 228.928 | P38: =K38*H38 -> 228.928 | Q38: =L38*H38 -> 0
A39: =IF(G39<>"",1+MAX($A$2:A38),"") -> 24 | D39: Tag 20: Remove Existing Chain Link Fence Gate (5' H x 20' W, Height is Assumed) | E39: EA | F39: 1 | G39: 0 | H39: =(G39*F39)+F39 -> 1 | I39: 2.5 | J39: =J$23 -> 32 | K39: =I39*J39 -> 80 | L39: 0 | M39: =K39+L39 -> 80 | N39: =H39*M39 -> 80 | P39: =K39*H39 -> 80 | Q39: =L39*H39 -> 0
A40: =IF(G40<>"",1+MAX($A$2:A39),"") -> 25 | D40: Tag 20: Remove Existing Chain Link Fence Gate (5' H x 5' W, Height is Assumed) | E40: EA | F40: 1 | G40: 0 | H40: =(G40*F40)+F40 -> 1 | I40: 0.6 | J40: =J$23 -> 32 | K40: =I40*J40 -> 19.2 | L40: 0 | M40: =K40+L40 -> 19.2 | N40: =H40*M40 -> 19.2 | P40: =K40*H40 -> 19.2 | Q40: =L40*H40 -> 0
A41: =IF(G41<>"",1+MAX($A$2:A40),"") -> 26 | D41: Tag 8,9: Remove Existing Masonry Retaining Wall (95 LF) Note: We Assumed Area According To The Plan Notes, (Site Information/GI-100), Please verify. | E41: SF | F41: 190 | G41: 0 | H41: =(G41*F41)+F41 -> 190 | I41: 0.028 | J41: =J$23 -> 32 | K41: =I41*J41 -> 0.896 | L41: 0 | M41: =K41+L41 -> 0.896 | N41: =H41*M41 -> 170.24 | P41: =K41*H41 -> 170.24 | Q41: =L41*H41 -> 0
A42: =IF(G42<>"",1+MAX($A$2:A41),"") -> 27 | D42: Tag 10: Provide Opening In Existing Masonry Wall. | E42: SF | F42: =6.67*8.25 -> 55.0275 | G42: 0 | H42: =(G42*F42)+F42 -> 55.0275 | I42: 0.032 | J42: =J$23 -> 32 | K42: =I42*J42 -> 1.024 | L42: 0 | M42: =K42+L42 -> 1.024 | N42: =H42*M42 -> 56.34816 | P42: =K42*H42 -> 56.34816 | Q42: =L42*H42 -> 0
A43: =IF(G43<>"",1+MAX($A$2:A42),"") -> 28 | B43: D101 | C43: Roof Demo Plan | D43: Tag 5: Remove Existing Roof Membrane(1" Thick, 2 Layers Of Rolled Asphalt Roofing) & 2" Thick Insulation | E43: SF | F43: 12747 | G43: 0 | H43: =(G43*F43)+F43 -> 12747 | I43: 0.013 | J43: =J$23 -> 32 | K43: =I43*J43 -> 0.416 | L43: 0 | M43: =K43+L43 -> 0.416 | N43: =H43*M43 -> 5302.752 | P43: =K43*H43 -> 5302.752 | Q43: =L43*H43 -> 0
A44: =IF(G44<>"",1+MAX($A$2:A43),"") -> 29 | D44: Tag 7: Remove Existing Solar Panels, Dunnage & Supports Above Roof | E44: SF | F44: 452.91 | G44: 0 | H44: =(G44*F44)+F44 -> 452.91 | I44: 0.008 | J44: =J$23 -> 32 | K44: =I44*J44 -> 0.256 | L44: 0 | M44: =K44+L44 -> 0.256 | N44: =H44*M44 -> 115.94496 | P44: =K44*H44 -> 115.94496 | Q44: =L44*H44 -> 0
A45: =IF(G45<>"",1+MAX($A$2:A44),"") -> 30 | D45: Tag 6: Remove Existing Skylights (4'-4" L x 1'-10" W) | E45: EA | F45: 17 | G45: 0 | H45: =(G45*F45)+F45 -> 17 | I45: 1 | J45: =J$23 -> 32 | K45: =I45*J45 -> 32 | L45: 0 | M45: =K45+L45 -> 32 | N45: =H45*M45 -> 544 | P45: =K45*H45 -> 544 | Q45: =L45*H45 -> 0
A46: =IF(G46<>"",1+MAX($A$2:A45),"") -> 31 | B46: P101 | C46: Plan Notes | D46: Tag 4: Remove Existing Sink | E46: EA | F46: 1 | G46: 0 | H46: =(G46*F46)+F46 -> 1 | I46: 1.25 | J46: =J$23 -> 32 | K46: =I46*J46 -> 40 | L46: 0 | M46: =K46+L46 -> 40 | N46: =H46*M46 -> 40 | P46: =K46*H46 -> 40 | Q46: =L46*H46 -> 0
A47: =IF(G47<>"",1+MAX($A$2:A46),"") -> 32 | B47: A121 | D47: Remove Spray Coating On Concrete Roof Panels To Be Left Exposed To view. | E47: SF | F47: 4762 | G47: 0 | H47: =(G47*F47)+F47 -> 4762 | I47: 0.005 | J47: =J$23 -> 32 | K47: =I47*J47 -> 0.16 | L47: 0 | M47: =K47+L47 -> 0.16 | N47: =H47*M47 -> 761.92 | P47: =K47*H47 -> 761.92 | Q47: =L47*H47 -> 0
A48: =IF(G48<>"",1+MAX($A$2:A47),"") -> 33 | B48: CD-100 | C48: Keynote #1/CD-100 | D48: Remove Concrete Curb & Gutter | E48: LF | F48: 92.29 | G48: 0 | H48: =(G48*F48)+F48 -> 92.29 | I48: 0.04 | J48: =J$23 -> 32 | K48: =I48*J48 -> 1.28 | L48: 0 | M48: =K48+L48 -> 1.28 | N48: =H48*M48 -> 118.1312 | P48: =K48*H48 -> 118.1312 | Q48: =L48*H48 -> 0
A49: =IF(G49<>"",1+MAX($A$2:A48),"") -> 34 | C49: Keynote #2/CD-100 | D49: Remove HVAC Unit | E49: EA | F49: 3 | G49: 0 | H49: =(G49*F49)+F49 -> 3 | I49: 2.5 | J49: =J$23 -> 32 | K49: =I49*J49 -> 80 | L49: 0 | M49: =K49+L49 -> 80 | N49: =H49*M49 -> 240 | P49: =K49*H49 -> 240 | Q49: =L49*H49 -> 0
A50: =IF(G50<>"",1+MAX($A$2:A49),"") -> 35 | C50: Keynote #5/CD-100 | D50: Remove Concrete Sidewalk | E50: SF | F50: 84.58 | G50: 0 | H50: =(G50*F50)+F50 -> 84.58 | I50: 0.056 | J50: =J$23 -> 32 | K50: =I50*J50 -> 1.792 | L50: 0 | M50: =K50+L50 -> 1.792 | N50: =H50*M50 -> 151.56736 | P50: =K50*H50 -> 151.56736 | Q50: =L50*H50 -> 0
A51: =IF(G51<>"",1+MAX($A$2:A50),"") -> 36 | C51: Keynote #6/CD-100 | D51: Remove Concrete Pavement | E51: SF | F51: 269.4 | G51: 0 | H51: =(G51*F51)+F51 -> 269.4 | I51: 0.042 | J51: =J$23 -> 32 | K51: =I51*J51 -> 1.344 | L51: 0 | M51: =K51+L51 -> 1.344 | N51: =H51*M51 -> 362.0736 | P51: =K51*H51 -> 362.0736 | Q51: =L51*H51 -> 0
A52: =IF(G52<>"",1+MAX($A$2:A51),"") -> 37 | C52: Keynote #7/CD-100 | D52: Remove Existing Sign | E52: EA | F52: 2 | G52: 0 | H52: =(G52*F52)+F52 -> 2 | I52: 0.1 | J52: =J$23 -> 32 | K52: =I52*J52 -> 3.2 | L52: 0 | M52: =K52+L52 -> 3.2 | N52: =H52*M52 -> 6.4 | P52: =K52*H52 -> 6.4 | Q52: =L52*H52 -> 0
A53: =IF(G53<>"",1+MAX($A$2:A52),"") -> 38 | B53: LF-101 | C53: Plan Notes | D53: Remove Trees From Previous Forest Conservation Plan | E53: EA | F53: 3 | G53: 0 | H53: =(G53*F53)+F53 -> 3 | I53: 1 | J53: =J$23 -> 32 | K53: =I53*J53 -> 32 | L53: 0 | M53: =K53+L53 -> 32 | N53: =H53*M53 -> 96 | P53: =K53*H53 -> 96 | Q53: =L53*H53 -> 0
A54: =IF(G54<>"",1+MAX($A$2:A53),"") | D54: PATCH & REPAIR | P54: =K54*H54 -> 0 | Q54: =L54*H54 -> 0
A55: =IF(G55<>"",1+MAX($A$2:A54),"") -> 39 | B55: A200 | C55: Plan Notes | D55: Patch & Repair Exterior Brick Veneer | E55: SF | F55: 133 | G55: 0 | H55: =(G55*F55)+F55 -> 133 | I55: 0.075 | J55: =J$23 -> 32 | K55: =I55*J55 -> 2.4 | L55: 1.02 | M55: =K55+L55 -> 3.42 | N55: =H55*M55 -> 454.86 | P55: =K55*H55 -> 319.2 | Q55: =L55*H55 -> 135.66
A56: =IF(G56<>"",1+MAX($A$2:A55),"") | D56: RELOCATION | P56: =K56*H56 -> 0 | Q56: =L56*H56 -> 0
A57: =IF(G57<>"",1+MAX($A$2:A56),"") -> 40 | B57: CD-100 | C57: Keynote #7/CD-100 | D57: Relocate Existing Signs A - (12"x18") Fire Lane - R7-1 | E57: EA | F57: 2 | G57: 0 | H57: =(G57*F57)+F57 -> 2 | I57: 0.62 | J57: =J$23 -> 32 | K57: =I57*J57 -> 19.84 | L57: 0 | M57: =K57+L57 -> 19.84 | N57: =H57*M57 -> 39.68 | P57: =K57*H57 -> 39.68 | Q57: =L57*H57 -> 0
A58: =IF(G58<>"",1+MAX($A$2:A57),"") -> 41 | D58: Relocate Existing Signs B - (12"x24") Reserved Parking - R7-8 - (12"x 6") Van Accessible - R7-8p | E58: EA | F58: 2 | G58: 0 | H58: =(G58*F58)+F58 -> 2 | I58: 0.78 | J58: =J$23 -> 32 | K58: =I58*J58 -> 24.96 | L58: 0 | M58: =K58+L58 -> 24.96 | N58: =H58*M58 -> 49.92 | P58: =K58*H58 -> 49.92 | Q58: =L58*H58 -> 0
A59: =IF(G59<>"",1+MAX($A$2:A58),"") | M59: SUBTOTAL | N59: =SUM(N23:N58) -> 13824.627 | P59: =K59*H59 -> 0 | Q59: =L59*H59 -> 0
A60: =IF(G60<>"",1+MAX($A$2:A59),"") | P60: =K60*H60 -> 0 | Q60: =L60*H60 -> 0
A61: =IF(G61<>"",1+MAX($A$2:A60),"") | E61: CONCRETE | P61: =K61*H61 -> 0 | Q61: =L61*H61 -> 0
A62: =IF(G62<>"",1+MAX($A$2:A61),"") | D62: CAST IN PLACE CONCRETE | P62: =K62*H62 -> 0 | Q62: =L62*H62 -> 0
A63: =IF(G63<>"",1+MAX($A$2:A62),"") | B63: A101 | D63: CONCRETE CUTTING: | P63: =K63*H63 -> 0 | Q63: =L63*H63 -> 0
A64: =IF(G64<>"",1+MAX($A$2:A63),"") -> 42 | C64: 2/A300 | D64: Sawcut and Remove Existing Slab for Conduit Installation | E64: SF | F64: =0.833*18.4 -> 15.3272 | G64: 0.05 | H64: =(G64*F64)+F64 -> 16.09356 | I64: 0.048 | J64: 56 | K64: =J64*I64 -> 2.688 | L64: 0 | M64: =+L64+K64 -> 2.688 | N64: =H64*M64 -> 43.259489 | P64: =K64*H64 -> 43.259489 | Q64: =L64*H64 -> 0
A65: =IF(G65<>"",1+MAX($A$2:A64),"") -> 43 | D65: 4" Concrete Slab Infill (0.2 CY) | E65: SF | F65: =0.833*18.5 -> 15.4105 | G65: 0.05 | H65: =(G65*F65)+F65 -> 16.181025 | I65: 0.052 | J65: =J$64 -> 56 | K65: =J65*I65 -> 2.912 | L65: 4.25 | M65: =+L65+K65 -> 7.162 | N65: =H65*M65 -> 115.8885 | P65: =K65*H65 -> 47.119145 | Q65: =L65*H65 -> 68.769356
A66: =IF(G66<>"",1+MAX($A$2:A65),"") -> 44 | D66: Compacted CR6 Backfill | E66: CY | F66: =1.17*0.833*18.5/27 -> 0.66778833 | G66: 0.05 | H66: =(G66*F66)+F66 -> 0.70117775 | I66: 0.785 | J66: 52 | K66: =J66*I66 -> 40.82 | L66: 18.5 | M66: =+L66+K66 -> 59.32 | N66: =H66*M66 -> 41.593864 | P66: =K66*H66 -> 28.622076 | Q66: =L66*H66 -> 12.971788
A67: =IF(G67<>"",1+MAX($A$2:A66),"") -> 45 | D67: Core Drill and Install 3" Pipe Sleeves | E67: EA | F67: =1.17*0.833*18.5/27 -> 0.66778833 | G67: 0 | H67: =(G67*F67)+F67 -> 0.66778833 | I67: 0.8 | J67: 52 | K67: =J67*I67 -> 41.6 | L67: 85.25 | M67: =+L67+K67 -> 126.85 | N67: =H67*M67 -> 84.70895 | P67: =K67*H67 -> 27.779995 | Q67: =L67*H67 -> 56.928955
A68: =IF(G68<>"",1+MAX($A$2:A67),"") | D68: CONCRETE SLAB: | P68: =K68*H68 -> 0 | Q68: =L68*H68 -> 0
A69: =IF(G69<>"",1+MAX($A$2:A68),"") -> 46 | C69: 2-3/A500 | D69: 4" Thk 4000 PSI Concrete Slab (21 CY) -1/8" : 12 Sloped From Center | E69: SF | F69: =1377 -> 1377 | G69: 0.05 | H69: =(G69*F69)+F69 -> 1445.85 | I69: =0.062 -> 0.062 | J69: =J$64 -> 56 | K69: =J69*I69 -> 3.472 | L69: 4.85 | M69: =+L69+K69 -> 8.322 | N69: =H69*M69 -> 12032.364 | P69: =K69*H69 -> 5019.9912 | Q69: =L69*H69 -> 7012.3725
A70: =IF(G70<>"",1+MAX($A$2:A69),"") -> 47 | D70: 6 MIL Polyurethane Vapor Barrier | E70: SF | F70: =1377 -> 1377 | G70: 0.05 | H70: =(G70*F70)+F70 -> 1445.85 | I70: 0.015 | J70: 50 | K70: =J70*I70 -> 0.75 | L70: 0.28 | M70: =+L70+K70 -> 1.03 | N70: =H70*M70 -> 1489.2255 | P70: =K70*H70 -> 1084.3875 | Q70: =L70*H70 -> 404.838
A71: =IF(G71<>"",1+MAX($A$2:A70),"") -> 48 | D71: Compacted Fill | E71: CY | F71: =1377*1/27 -> 51 | G71: 0.05 | H71: =(G71*F71)+F71 -> 53.55 | I71: 0.325 | J71: 52 | K71: =J71*I71 -> 16.9 | L71: 0 | M71: =+L71+K71 -> 16.9 | N71: =H71*M71 -> 904.995 | P71: =K71*H71 -> 904.995 | Q71: =L71*H71 -> 0
A72: =IF(G72<>"",1+MAX($A$2:A71),"") | D72: CONCRETE FILL: | P72: =K72*H72 -> 0 | Q72: =L72*H72 -> 0
A73: =IF(G73<>"",1+MAX($A$2:A72),"") -> 49 | C73: 1/A500 | D73: Fill W/ Concrete and Level Existing Floor (11 CY) | E73: SF | F73: =2577 -> 2577 | G73: 0.05 | H73: =(G73*F73)+F73 -> 2705.85 | I73: 0.02 | J73: =J$64 -> 56 | K73: =J73*I73 -> 1.12 | L73: 1.02 | M73: =+L73+K73 -> 2.14 | N73: =H73*M73 -> 5790.519 | P73: =K73*H73 -> 3030.552 | Q73: =L73*H73 -> 2759.967
A74: =IF(G74<>"",1+MAX($A$2:A73),"") | M74: SUBTOTAL | N74: =SUM(N62:N73) -> 20502.554 | P74: =K74*H74 -> 0 | Q74: =L74*H74 -> 0
A75: =IF(G75<>"",1+MAX($A$2:A74),"") | P75: =K75*H75 -> 0 | Q75: =L75*H75 -> 0
A76: =IF(G76<>"",1+MAX($A$2:A75),"") | E76: MASONRY | P76: =K76*H76 -> 0 | Q76: =L76*H76 -> 0
A77: =IF(G77<>"",1+MAX($A$2:A76),"") | D77: CMU INFILL | P77: =K77*H77 -> 0 | Q77: =L77*H77 -> 0
A78: =IF(G78<>"",1+MAX($A$2:A77),"") -> 50 | B78: A200 | C78: 3/A500 | D78: 8" CMU Infill W/ Corrugated Masonry Ties and Weep Hole | E78: SF | F78: =68.3 -> 68.3 | G78: 0.05 | H78: =(G78*F78)+F78 -> 71.715 | I78: 0.12 | J78: 45 | K78: =I78*J78 -> 5.4 | L78: 4.25 | M78: =+L78+K78 -> 9.65 | N78: =H78*M78 -> 692.04975 | P78: =K78*H78 -> 387.261 | Q78: =L78*H78 -> 304.78875
A79: =IF(G79<>"",1+MAX($A$2:A78),"") -> 51 | D79: 4" Brick Veneer Infill W/ Corrugated Masonry Ties | E79: SF | F79: 68.3 | G79: 0.05 | H79: =(G79*F79)+F79 -> 71.715 | I79: 0.1 | J79: =J$78 -> 45 | K79: =I79*J79 -> 4.5 | L79: 3.28 | M79: =+L79+K79 -> 7.78 | N79: =H79*M79 -> 557.9427 | P79: =K79*H79 -> 322.7175 | Q79: =L79*H79 -> 235.2252
A80: =IF(G80<>"",1+MAX($A$2:A79),"") -> 52 | D80: 12" CMU Infill @ Interior CMU Wall | E80: SF | F80: =13.833*0.9 -> 12.4497 | G80: 0.05 | H80: =(G80*F80)+F80 -> 13.072185 | I80: 0.21 | J80: =J$78 -> 45 | K80: =I80*J80 -> 9.45 | L80: 7.24 | M80: =+L80+K80 -> 16.69 | N80: =H80*M80 -> 218.17477 | P80: =K80*H80 -> 123.53215 | Q80: =L80*H80 -> 94.642619
A81: =IF(G81<>"",1+MAX($A$2:A80),"") | M81: SUBTOTAL | N81: =SUM(N77:N80) -> 1468.1672 | P81: =K81*H81 -> 0 | Q81: =L81*H81 -> 0
A82: =IF(G82<>"",1+MAX($A$2:A81),"") | P82: =K82*H82 -> 0 | Q82: =L82*H82 -> 0
A83: =IF(G83<>"",1+MAX($A$2:A82),"") | E83: METALS | P83: =K83*H83 -> 0 | Q83: =L83*H83 -> 0
A84: =IF(G84<>"",1+MAX($A$2:A83),"") | D84: STRUCTURAL STEEL | P84: =K84*H84 -> 0 | Q84: =L84*H84 -> 0
A85: =IF(G85<>"",1+MAX($A$2:A84),"") | D85: LINTELS | P85: =K85*H85 -> 0 | Q85: =L85*H85 -> 0
A86: =IF(G86<>"",1+MAX($A$2:A85),"") -> 53 | B86: A101 | C86: 1/A500 | D86: Steel Lintel: W8X15 w/ 1/4" Thk. Plate (70 LF) | E86: LBS | F86: =70*15+595 -> 1645 | G86: 0.05 | H86: =(G86*F86)+F86 -> 1727.25 | I86: 0.013 | J86: 58 | K86: =I86*J86 -> 0.754 | L86: 2.45 | M86: =+L86+K86 -> 3.204 | N86: =H86*M86 -> 5534.109 | P86: =K86*H86 -> 1302.3465 | Q86: =L86*H86 -> 4231.7625
A87: =IF(G87<>"",1+MAX($A$2:A86),"") | D87: METAL FABRICATIONS | P87: =K87*H87 -> 0 | Q87: =L87*H87 -> 0
A88: =IF(G88<>"",1+MAX($A$2:A87),"") | D88: METAL LADDERS | P88: =K88*H88 -> 0 | Q88: =L88*H88 -> 0
A89: =IF(G89<>"",1+MAX($A$2:A88),"") -> 54 | B89: A103 | C89: Plan Notes/A101 | D89: 2'-3"W x 14'-0"H Steel Ladder | E89: EA | F89: 1 | G89: 0 | H89: =(G89*F89)+F89 -> 1 | I89: 2.25 | J89: =J$86 -> 58 | K89: =I89*J89 -> 130.5 | L89: =725.85 -> 725.85 | M89: =+L89+K89 -> 856.35 | N89: =H89*M89 -> 856.35 | P89: =K89*H89 -> 130.5 | Q89: =L89*H89 -> 725.85
A90: =IF(G90<>"",1+MAX($A$2:A89),"") | M90: SUBTOTAL | N90: =SUM(N85:N89) -> 6390.459 | P90: =K90*H90 -> 0 | Q90: =L90*H90 -> 0
A91: =IF(G91<>"",1+MAX($A$2:A90),"") | P91: =K91*H91 -> 0 | Q91: =L91*H91 -> 0
A92: =IF(G92<>"",1+MAX($A$2:A91),"") | E92: WOOD & PLASTIC | P92: =K92*H92 -> 0 | Q92: =L92*H92 -> 0
A93: =IF(G93<>"",1+MAX($A$2:A92),"") | D93: ROUGH CARPENTRY | P93: =K93*H93 -> 0 | Q93: =L93*H93 -> 0
A94: =IF(G94<>"",1+MAX($A$2:A93),"") | D94: SILL BOARD | P94: =K94*H94 -> 0 | Q94: =L94*H94 -> 0
A95: =IF(G95<>"",1+MAX($A$2:A94),"") -> 55 | B95: A602 | C95: 4/A602 | D95: 1'-1" W x 5/4" Thk. OAK Sill Board @ Window Type A. | E95: LF | F95: 60 | G95: 0.05 | H95: =(G95*F95)+F95 -> 63 | I95: 0.024 | J95: 45 | K95: =I95*J95 -> 1.08 | L95: =52.94/3 -> 17.646667 | M95: =+L95+K95 -> 18.726667 | N95: =H95*M95 -> 1179.78 | P95: =K95*H95 -> 68.04 | Q95: =L95*H95 -> 1111.74
A96: =IF(G96<>"",1+MAX($A$2:A95),"") | D96: BLOCKING: | P96: =K96*H96 -> 0 | Q96: =L96*H96 -> 0
A97: =IF(G97<>"",1+MAX($A$2:A96),"") -> 56 | B97: A400 | C97: Plan Notes | D97: Blocking Provided For Millwork | E97: LF | F97: 16 | G97: 0.05 | H97: =(G97*F97)+F97 -> 16.8 | I97: 0.01 | J97: =J$95 -> 45 | K97: =I97*J97 -> 0.45 | L97: 0.4 | M97: =+L97+K97 -> 0.85 | N97: =H97*M97 -> 14.28 | P97: =K97*H97 -> 7.56 | Q97: =L97*H97 -> 6.72
A98: =IF(G98<>"",1+MAX($A$2:A97),"") -> 57 | B98: A103 | C98: 2/A501, PUT-T-18/ TPO Details | D98: 1-1/2"x5-1/2" Pressure Treated Blocking | E98: LF | F98: =288+48 -> 336 | G98: 0.05 | H98: =(G98*F98)+F98 -> 352.8 | I98: 0.012 | J98: =J$95 -> 45 | K98: =I98*J98 -> 0.54 | L98: 1.02 | M98: =+L98+K98 -> 1.56 | N98: =H98*M98 -> 550.368 | P98: =K98*H98 -> 190.512 | Q98: =L98*H98 -> 359.856
A99: =IF(G99<>"",1+MAX($A$2:A98),"") -> 58 | C99: 3, 4/A501, Note 5/A103 | D99: 1-1/2"x4" Pressure Treated Blocking | E99: LF | F99: =189+327 -> 516 | G99: 0.05 | H99: =(G99*F99)+F99 -> 541.8 | I99: 0.012 | J99: =J$95 -> 45 | K99: =I99*J99 -> 0.54 | L99: 0.85 | M99: =+L99+K99 -> 1.39 | N99: =H99*M99 -> 753.102 | P99: =K99*H99 -> 292.572 | Q99: =L99*H99 -> 460.53
A100: =IF(G100<>"",1+MAX($A$2:A99),"") -> 59 | D100: 1-1/2"x9" Pressure Treated Blocking | E100: LF | F100: =189+327 -> 516 | G100: 0.05 | H100: =(G100*F100)+F100 -> 541.8 | I100: 0.013 | J100: =J$95 -> 45 | K100: =I100*J100 -> 0.585 | L100: 1.45 | M100: =+L100+K100 -> 2.035 | N100: =H100*M100 -> 1102.563 | P100: =K100*H100 -> 316.953 | Q100: =L100*H100 -> 785.61
A101: =IF(G101<>"",1+MAX($A$2:A100),"") | D101: FINISH CARPENTRY | P101: =K101*H101 -> 0 | Q101: =L101*H101 -> 0
A102: =IF(G102<>"",1+MAX($A$2:A101),"") | D102: CABINETRY & MILLWORK: | P102: =K102*H102 -> 0 | Q102: =L102*H102 -> 0
A103: =IF(G103<>"",1+MAX($A$2:A102),"") -> 60 | B103: A400 | C103: Plan Notes | D103: 36" L x 30" H x 12" D Wall Cabinet W/ Doors, Hardware and Adj Shelving | E103: EA | F103: 1 | G103: 0 | H103: =(G103*F103)+F103 -> 1 | I103: =1.25 -> 1.25 | J103: 48 | K103: =I103*J103 -> 60 | L103: 1150 | M103: =+L103+K103 -> 1210 | N103: =H103*M103 -> 1210 | P103: =K103*H103 -> 60 | Q103: =L103*H103 -> 1150
A104: =IF(G104<>"",1+MAX($A$2:A103),"") -> 61 | D104: 36" L x 24" H x 12" D Wall Cabinet W/ Doors, Hardware and Adj Shelving | E104: EA | F104: 1 | G104: 0 | H104: =(G104*F104)+F104 -> 1 | I104: 1 | J104: =J$103 -> 48 | K104: =I104*J104 -> 48 | L104: 1125 | M104: =+L104+K104 -> 1173 | N104: =H104*M104 -> 1173 | P104: =K104*H104 -> 48 | Q104: =L104*H104 -> 1125
...
